 Dungeon Crawl Stone Soup version 0.25.1-8-g42b30a86e7 (webtiles) character file.

Game seed: 4484616611829363500

13281 Cykl0x the Carver (level 12, -5/101 HPs)
             Began as a Formicid Fighter on Dec 11, 2020.
             Was a Priest of the Shining One.
             Slain by Jorgrun
             ... wielding a +0 vorpal quarterstaff
              (7 damage)
             ... on level 12 of the Dungeon.
             The game lasted 00:21:14 (12197 turns).

Cykl0x the Carver (Formicid Fighter)               Turns: 12197, Time: 00:21:15

Health: -5/101     AC: 16    Str: 25    XL:     12   Next: 30%
Magic:  27/28      EV:  5    Int: 11    God:    the Shining One [***...]
Gold:   723        SH: 23    Dex: 10    Spells: 11/11 levels left

rFire    . . .     SeeInvis +   I - +0 scimitar
rCold    . . .     Gourm    .   c - +1 kite shield
rNeg     + . .     Faith    .   H - +0 plate armour
rPois    .         Spirit   .   (helmet unavailable)
rElec    .         Reflect  .   p - +0 cloak
rCorr    .         Harm     .   (no gloves)
MR       ++...                  j - +0 pair of boots
Stlth    ..........             J - amulet of regeneration
HPRegen  0.66/turn              x - ring of magical power
MPRegen  0.21/turn              (no ring)

@: lethally poisoned (-5 -> -6), divine shield, grasped by roots, glowing,
constricted
A: permanent stasis, dig shafts and tunnels, four strong arms, antennae 3,
clever 1, magic resistance 1, robust 1
a: Dig, Shaft Self, Divine Shield, Renounce Religion


You were on level 12 of the Dungeon.
You worshipped the Shining One.
The Shining One was most pleased with you.
You were not hungry.

You visited 2 branches of the dungeon, and saw 14 of its levels.

You collected 723 gold pieces.

Inventory:

Hand Weapons
 a - a +1 long sword
 m - a cursed +5 short sword
 I - a +0 scimitar (weapon)
 M - a +3 short sword
Missiles
 d - 6 poisoned darts
 e - 380 stones
 g - 12 boomerangs (quivered)
 E - 3 silver boomerangs
Armour
 c - a +1 kite shield (worn)
 j - a +0 pair of boots (worn)
 p - a +0 cloak (worn)
 H - a +0 plate armour (worn)
Jewellery
 b - an uncursed ring of fire
 t - an uncursed amulet of the acrobat
 x - a ring of magical power (left hand)
 J - an amulet of regeneration (around neck)
 L - an uncursed amulet of guardian spirit
 P - an uncursed ring of magical power
Wands
 h - a wand of flame (34)
 u - a wand of digging (3)
 v - a wand of iceblast (7)
 y - a wand of enslavement (6)
 R - a wand of paralysis (7)
Scrolls
 l - a scroll of fog
 o - 3 scrolls of magic mapping
 q - 5 scrolls of remove curse
 A - 3 scrolls of amnesia
 C - 2 scrolls of immolation
 F - 2 scrolls of enchant armour
Potions
 i - 4 potions of cancellation
 k - 2 potions of mutation
 n - 2 potions of brilliance
 r - 2 potions of magic {unknown}
 s - a potion of lignification {unknown}
 w - 3 potions of degeneration {unknown}
 z - 2 potions of flight {unknown}
 B - a potion of heal wounds
 D - 2 potions of curing
 G - a potion of ambrosia
 O - a potion of berserk rage {unknown}
Comestibles
 f - 22 rations


   Skills:
 + Level 8.0 Fighting
 + Level 11.3 Long Blades
 + Level 2.8 Throwing
 + Level 8.1 Armour
 + Level 3.0 Dodging
 + Level 10.0 Shields
 * Level 9.7 Invocations


You had 11 spell levels left.
You didn't know any spells.
Your spell library contained the following spells:

 Spells                   Type           Power        Failure   Level  Hunger
 Freeze                   Ice            #...         99%         1    ##.....
 Magic Dart               Conj           #...         99%         1    ##.....
 Call Imp                 Summ           #.......     99%         2    ###....
 Slow                     Hex            #.......     99%         2    ###....
 Conjure Flame            Conj/Fire      #.......     100%        3    ####...
 Frozen Ramparts          Ice            #.....       100%        3    ####...
 Mephitic Cloud           Conj/Pois/Air  #.......     100%        3    ####...
 Ozocubu's Armour         Chrm/Ice       #.......     100%        3    ####...
 Hailstorm                Conj/Ice       #.......     100%        4    #####..
 Summon Ice Beast         Ice/Summ       #.......     100%        4    #####..
 Blink                    Tloc           Unusable     N/A         2    N/A

Dungeon Overview and Level Annotations

Branches:
Dungeon (13/15)            Temple (1/1) D:4            Lair (0/6) D:10
    Orc (0/2) D:9
 Vaults: D:13-14

Altars:
Ashenzari
Cheibriados
Dithmenos
Elyvilon
Fedhas
Gozag
Hepliaklqana
Kikubaaqudgha
Makhleb
Nemelex Xobeh
Okawaru
Qazlal
Ru
Sif Muna
Trog
Uskayaw
Vehumet
Wu Jian
Xom
Yredelemnul
Zin
The Shining One

Shops:
D:5 %

Annotations:
D:10 1 runed translucent door, Zahoygem's ghost, journeyman TrBe
D:12 Jorgrun


Innate Abilities, Weirdness & Mutations

You cannot be hasted, slowed, berserked, paralysed or teleported.
You can dig through walls and to a lower floor.
Your four strong arms can wield two-handed weapons with a shield.
You have a pair of large antennae on your head. (SInv)
Your mind is acute. (Int +2)
You are resistant to hostile enchantments. (MR+)
You are robust. (+10% HP)


Message History

Jorgrun is heavily wounded.
You block the water moccasin's attack.
You slash Jorgrun!
Jorgrun is severely wounded.
The sentinel's mark upon you fades away.
You feel sick.
Jorgrun drinks a potion.
Jorgrun is healed!
* * * LOW HITPOINT WARNING * * *
The grasping roots constrict you! You block the water moccasin's attack.
You slash Jorgrun!
Jorgrun is severely wounded.
You block Jorgrun's attack.
* * * LOW HITPOINT WARNING * * *
The grasping roots constrict you!!
The water moccasin bites you but does no damage.
You hit Jorgrun.
Jorgrun is severely wounded.
You block the water moccasin's attack. Jorgrun gestures at you while chanting.
You easily resist.
You die...

# .. .. ..# ## #... ...
#)..#+#+#.## ##.
.......... ...#
#.^.....###..#
#.......#...# #######
#..<....gW.# ......#
#......@#{##### ......##
#...†.).Sl.....
.......#######.#.#.#####
######..# #.##.#.# ##.#
#.# #.# # ##.###.####.#
#..^.....##.#
#........##.#
#........##.#


You could see Jorgrun, a water moccasin, a wyvern and a shadow (invisible).

Vanquished Creatures
  Erolcha (D:9)
  2 two-headed ogres
  An unseen horror (D:10)
  2 manticores (D:12)
  An ugly thing (D:12)
  Joseph (D:8)
  4 trolls
  4 slime creatures (D:12)
  2 hippogriffs (D:9)
  A shadow (D:11)
  A spriggan (D:10)
  A yak (D:10)
  2 wyverns
  A hungry ghost (D:12)
  A porcupine (D:10)
  3 ice beasts
  8 orc warriors
  A hornet zombie (D:7)
  3 black bears
  A sky beast (D:8)
  2 necrophages
  6 ogres
  A phantom (D:7)
  10 centaurs
  10 bullfrogs
  4 scorpions
  3 wights (D:12)
  7 howler monkeys
  A centaur zombie (D:7)
  A jelly (D:10)
  11 crimson imps
  8 hounds
  A quasit (D:5)
  A bullfrog zombie (D:5)
  3 bullfrog skeletons
  8 orc wizards
  6 orc priests
  2 centaur skeletons
  Terence (D:2)
  An iguana (D:9)
  Natasha (thrice) (D:2)
  6 worker ants
  A hound skeleton (D:8)
  A worker ant zombie (D:10)
  6 gnolls
  10 adders
  2 shadow imps (D:7)
  An ooze (D:2)
  An adder zombie (D:7)
  An adder skeleton (D:5)
  A worm (D:2)
  A dart slug (D:2)
  6 leopard geckos
  43 orcs
  4 bats
  3 giant cockroaches
  7 goblins
  5 hobgoblins
  21 jackals
  4 quokkas
  A ball python (D:4)
  5 frilled lizards
  4 kobolds
  A leopard gecko skeleton (D:3)
  11 rats
  A spectral orc (D:9)
278 creatures vanquished.

Vanquished Creatures (others)
  A wizard (D:11)
  A jelly (D:5)
  A fungus (D:10)
3 creatures vanquished.

Grand Total: 281 creatures vanquished

Notes
Turn   | Place    | Note
-------+----------+-------------------------------------------
     0 | D:1      | Cykl0x the Formicid Fighter began the quest for the Orb.
     0 | D:1      | Reached XP level 1. HP: 18/18 MP: 1/1
   159 | D:1      | Reached XP level 2. HP: 24/24 MP: 2/2
   957 | D:2      | Reached XP level 3. HP: 28/29 MP: 3/3
   990 | D:2      | Noticed Terence
   990 | D:2      | Noticed Natasha
  1026 | D:2      | Killed Natasha
  1029 | D:2      | Killed Terence
  1029 | D:2      | Reached skill level 1 in Dodging
  1029 | D:2      | Reached XP level 4. HP: 30/37 MP: 4/4
  1448 | D:2      | Reached XP level 5. HP: 39/42 MP: 5/5
  1507 | D:2      | Noticed Natasha
  1522 | D:2      | Killed Natasha
  1621 | D:2      | Noticed Natasha
  1630 | D:2      | Killed Natasha
  1630 | D:2      | Reached skill level 3 in Long Blades
  2090 | D:3      | Found an opulent altar of Gozag.
  2093 | D:3      | Found a bloodstained altar of Trog.
  2096 | D:3      | Found a shadowy altar of Dithmenos.
  2099 | D:3      | Found a shimmering blue altar of Sif Muna.
  2420 | D:3      | Reached XP level 6. HP: 35/48 MP: 6/6
  2764 | D:3      | Reached skill level 1 in Throwing
  3039 | D:3      | Gained mutation: You are robust. (+10% HP) [potion of
                  | mutation]
  3039 | D:3      | Gained mutation: You are resistant to hostile enchantments.
                  | (MR+) [potion of mutation]
  3039 | D:3      | Gained mutation: Your mind is acute. (Int +2) [potion of
                  | mutation]
  3168 | D:4      | Found a staircase to the Ecumenical Temple.
  3175 | Temple   | Entered the Ecumenical Temple
  3361 | Temple   | Became a worshipper of Elyvilon the Healer
  3627 | D:4      | Found an ancient bone altar of Kikubaaqudgha.
  3735 | D:4      | Reached skill level 1 in Invocations
  3835 | D:4      | Reached skill level 4 in Long Blades
  4001 | D:4      | Reached * piety under Elyvilon
  4024 | D:4      | Found a snail-covered altar of Cheibriados.
  4173 | D:5      | Entered Level 5 of the Dungeon
  4244 | D:5      | Found Kost's Food Shop.
  4266 | D:5      | Reached XP level 7. HP: 58/58 MP: 8/8
  4399 | D:5      | Reached skill level 5 in Shields
  4741 | D:5      | Reached skill level 5 in Long Blades
  4741 | D:5      | Reached XP level 8. HP: 48/66 MP: 10/10
  4905 | D:5      | Reached skill level 5 in Armour
  5023 | D:5      | Found a hazy altar of Hepliaklqana.
  5433 | D:6      | Reached ** piety under Elyvilon
  5842 | D:6      | Reached skill level 6 in Long Blades
  6191 | D:7      | Reached XP level 9. HP: 63/73 MP: 12/12
  6334 | D:7      | Reached skill level 5 in Fighting
  6472 | D:7      | Reached skill level 5 in Invocations
  6552 | D:7      | Reached skill level 7 in Long Blades
  6750 | D:7      | Reached *** piety under Elyvilon
  7492 | D:8      | Found a glowing golden altar of the Shining One.
  7495 | D:8      | Fell from the grace of Elyvilon
  7495 | D:8      | Became a worshipper of the Shining One
  7495 | D:8      | Reached * piety under the Shining One
  7779 | D:8      | Reached XP level 10. HP: 83/83 MP: 14/14
  7782 | D:8      | Noticed Joseph
  7826 | D:8      | Killed Joseph
  7826 | D:8      | Reached skill level 8 in Long Blades
  8098 | D:8      | Noticed a two-headed ogre
  8115 | D:8      | Killed a two-headed ogre
  8793 | D:8      | Found a glowing silver altar of Zin.
  8877 | D:9      | Noticed Erolcha
  8892 | D:9      | Killed Erolcha
  8892 | D:9      | Reached skill level 9 in Long Blades
  9034 | D:9      | Reached XP level 11. HP: 54/91 MP: 16/16
  9052 | D:9      | Reached ** piety under the Shining One
  9116 | D:9      | Found a staircase to the Orcish Mines.
  9449 | D:9      | Found a basalt altar of Yredelemnul.
  9855 | D:10     | Entered Level 10 of the Dungeon
  9952 | D:10     | Reached skill level 10 in Long Blades
 10030 | D:10     | Found a staircase to the Lair.
 10133 | D:10     | Found a runed translucent door.
 10138 | D:10     | Noticed Zahoygem's ghost (journeyman TrBe)
 10139 | D:10     | You fall into a shaft and drop 3 floors!
 10139 | D:13     | Noticed a two-headed ogre
 10175 | D:12     | Noticed a manticore
 10214 | D:12     | Killed a manticore
 10590 | D:12     | Noticed a red ugly thing
 10603 | D:12     | Killed a red ugly thing
 10714 | D:12     | Noticed a manticore
 10723 | D:12     | Killed a manticore
 10926 | D:10     | Noticed an unseen horror
 10945 | D:10     | Killed an unseen horror
 10968 | D:10     | Reached XP level 12. HP: 100/100 MP: 18/18
 11308 | D:10     | Reached skill level 11 in Long Blades
 11415 | D:10     | Reached *** piety under the Shining One
 11585 | D:11     | Noticed a two-headed ogre
 11604 | D:11     | Killed a two-headed ogre
 11604 | D:11     | Reached skill level 10 in Shields
 12049 | D:11     | Found a bloodstained altar of Trog.
 12174 | D:12     | Noticed Jorgrun
 12196 | D:12     | HP: 2/101 [Jorgrun/+0 vorpal quarterstaff (19)]
 12197 | D:12     | Slain by Jorgrun

Illustrated notes

Levels and vault maps discovered:
D:1:      psy_arrival_radial02, layout_basic
D:2:      layout_loops_ring, first_ration, chequers_serial_rivers_micro_a,
          uniq_terence, uniq_natasha
D:3:      layout_basic, grunt_temple_overflow_cloverleaf,
          minmay_fractal_squares_diagonal_5
D:4:      layout_loops_ring, lemuel_coloured_pillars_altar, lemuel_doored_altar,
          minmay_temple_entry_crystal_x, minivault_24
D:5:      layout_loops_cross, lemuel_round_altar, serial_shops,
          nicolae_shop_stone
D:6:      layout_loops_ring, minmay_liquid_box
D:7:      layout_rooms
D:8:      layout_gridville, kennysheep_mini, zin_scriptorium, uniq_joseph
D:9:      layout_loops_ring, yredelemnul_forgotten_temple_becter, david_orc_3,
          uniq_erolcha
D:10:     layout_stronghold, grunt_lair_entry_orc_guard_hut,
          ebering_ghost_reflecting_pool, grunt_pizzeria
D:11:     layout_basic, trog_wizard
D:12:     layout_basic, nemelex_diamond_rough_becter, uniq_jorgrun
D:13:     layout_stronghold, erik_vaults_2, roderic_lattice_a
Temple:   minmay_temple_bridge_abc

Skill      XL: |  1  2  3  4  5  6  7  8  9 10 11 12 |
---------------+-------------------------------------+-----
Shields        | 4 5 6 7 8 9 10 | 10.0
Dodging        | 1 2 3 |  3.0
Armour         | 4 5 6 7 8 |  8.1
Long Blades    | 3 4 5 6 7 9 10 11 | 11.3
Throwing       | 1 2 |  2.8
Invocations    | 1 3 4 5 7 9 |  9.7
Fighting       | 4 5 6 7 8 |  8.0

Action                   |  1- 3 |  4- 6 |  7- 9 | 10-12 || total
-------------------------+-------+-------+-------+-------++-------
Melee: Long sword        |    64 |   220 |   364 |    81 ||   729
       Scimitar          |       |       |       |   487 ||   487
Throw: Stone             |    23 |    48 |    18 |       ||    89
       Dart              |       |     3 |       |     8 ||    11
       Boomerang         |       |       |     3 |    33 ||    36
Invok: Divine Shield     |       |       |       |     2 ||     2
 Abil: Dig               |     2 |     2 |     3 |     6 ||    13
Evoke: Wand              |       |       |     1 |       ||     1
  Use: Scroll            |     1 |    11 |     5 |     5 ||    22
       Potion            |     2 |     1 |     2 |     2 ||     7
  Eat: Chunk             |       |    11 |    12 |    16 ||    39
Armor: Scale mail        |    29 |    89 |    78 |       ||   196
       Plate armour      |       |       |    22 |   193 ||   215
Dodge: Dodged            |    23 |    72 |   112 |   118 ||   325
Block: Kite shield       |    42 |   136 |   231 |   367 ||   776
       Rpst.: Long sword |     7 |    23 |    31 |     5 ||    66
       Scimitar          |       |       |       |    28 ||    28
